 Dungeon Crawl Stone Soup version 0.23-a0-183-gf37f6fb (webtiles) character file.

290 Felrender the Chopper (level 6, 0/79 HPs)
             Began as a Minotaur Fighter on Sept 22, 2018.
             Succumbed to a gnoll's poison
             ... on level 4 of the Dungeon.
             The game lasted 00:08:29 (3600 turns).

Felrender the Chopper (Minotaur Fighter)            Turns: 3600, Time: 00:08:30

Health: 0/79       AC:  7    Str: 26    XL:     6   Next: 9%
Magic:  5/5        EV:  8    Int:  5    God:
Gold:   173        SH: 10    Dex: 11    Spells: 5/5 levels left

rFire    . . .     SeeInvis .   a - +0 war axe
rCold    . . .     Gourm    .   c - +0 shield
rNeg     . . .     Faith    .   b - +0 scale mail
rPois    .         Spirit   .   (helmet restricted)
rElec    .         Reflect  .   (no cloak)
rCorr    .         Harm     .   (no gloves)
MR       .....                  (no boots)
Stlth    ..........             (no amulet)
HPRegen  0.23/turn              (no ring)
MPRegen  0.09/turn              (no ring)

@: berserking (expiring), lethally poisoned (0 -> -3), very quick
A: retaliatory headbutt, horns 2
a: no special abilities


You were on level 4 of the Dungeon.
You were not hungry.

You visited 1 branch of the dungeon, and saw 4 of its levels.

You collected 173 gold pieces.

Inventory:

Hand Weapons
 a - a +0 war axe (weapon)
Armour
 b - a +0 scale mail (worn)
 c - a +0 shield (worn)
Scrolls
 h - a scroll of teleportation
 k - 2 scrolls of remove curse
Potions
 d - a potion of might
 e - a potion of berserk rage
 g - a potion of lignification {unknown}
 j - 2 potions of curing {unknown}
 l - 2 potions of flight
 m - a potion of magic {unknown}
 o - a potion of ambrosia {unknown}
Comestibles
 f - 4 rations
 i - 5 chunks of flesh


   Skills:
 + Level 4.7 Fighting
 + Level 5.4 Axes
 + Level 5.2 Armour
 + Level 0.5 Dodging
 + Level 4.3 Shields


You had 5 spell levels left.
You didn't know any spells.
Your spell library was empty.

Dungeon Overview and Level Annotations

Branches:
Dungeon (4/15)
 Temple: D:4-7

Altars:
Cheibriados
Elyvilon
Gozag
Makhleb
Nemelex Xobeh
Sif Muna
Yredelemnul
The Shining One


Innate Abilities, Weirdness & Mutations

You reflexively headbutt those who attack you in melee.
You have a pair of horns on your head.


Message History

You have reached level 6!
Your experience leads to an increase in your attributes!
Your base attributes are Str 20, Int 5, Dex 11.
Increase (S)trength, (I)ntelligence, or (D)exterity?
You feel stronger.
* * * LOW HITPOINT WARNING * * *
You feel sick. The gnoll hits you but does no damage.
You slice the gnoll!!
You kill the gnoll!
* * * LOW HITPOINT WARNING * * *
You feel sick. You block the gnoll's attack. You block the gnoll's attack.
You see here a halberd of venom.
You closely miss the gnoll. You headbutt the gnoll!
You kill the gnoll!
* * * LOW HITPOINT WARNING * * *
You feel sick.
You see here a spear.
You feel a strong urge to attack something.
You die...

### ##.#####
#####.##.#
.......#
#@)......#
######.#
#)#.####.#
.......# #.#...
#####..#
#.###########
#..#
#...........#
#..#
#.#########.#
#..# #.# #.#
#..# ### #<#
#####..########
#######>##


There were no monsters in sight!

Vanquished Creatures
  A hound (D:2)
  A centaur skeleton (D:4)
  An iguana (D:4)
  6 gnolls (D:4)
  4 adders
  An ooze (D:1)
  An adder skeleton (D:4)
  3 worms
  3 dart slugs
  A leopard gecko (D:3)
  7 orcs
  10 bats
  5 giant cockroaches
  5 hobgoblins
  4 jackals (D:4)
  3 quokkas
  A ball python (D:2)
  2 frilled lizards (D:3)
  7 goblins
  11 kobolds
  16 rats
93 creatures vanquished.

Notes
Turn   | Place    | Note
-------+----------+-------------------------------------------
     0 | D:1      | Felrender the Minotaur Fighter began the quest for the Orb.
     0 | D:1      | Reached XP level 1. HP: 19/19 MP: 0/0
    99 | D:1      | Reached XP level 2. HP: 25/27 MP: 1/1
   292 | D:1      | Reached XP level 3. HP: 28/33 MP: 2/2
  1027 | D:2      | Reached XP level 4. HP: 22/41 MP: 3/3
  1226 | D:2      | Found an opulent altar of Gozag.
  2093 | D:3      | Found a white marble altar of Elyvilon.
  2093 | D:3      | Found a basalt altar of Yredelemnul.
  2097 | D:3      | Found a sparkling altar of Nemelex Xobeh.
  2139 | D:3      | Found a glowing golden altar of the Shining One.
  2143 | D:3      | Found a deep blue altar of Sif Muna.
  2210 | D:3      | Found a burning altar of Makhleb.
  2561 | D:4      | Reached XP level 5. HP: 34/47 MP: 4/4
  2570 | D:4      | Reached skill level 5 in Armour
  3104 | D:4      | Found a snail-covered altar of Cheibriados.
  3591 | D:4      | Reached skill level 5 in Axes
  3594 | D:4      | HP: 3/70 [gnoll/spear (6)]
  3595 | D:4      | Reached XP level 6. HP: 3/53 MP: 5/5
  3596 | D:4      | HP: 1/79 [poisoned by a gnoll]
  3600 | D:4      | Succumbed to a gnoll's poison

Vault maps used:
D:1:      eino_arrival_tree_alley
D:2:      nicolae_gozag_cash_rules_everything_around_me, first_ration,
          lemuel_flame_loot_1
D:3:      nicolae_overflow_hidden_temple, lemuel_crystal_altar
D:4:      cheibriados_altar_1

Skill      XL: |  1  2  3  4  5 |
---------------+----------------+-----
Armour         | 4 5 |  5.2
Fighting       | 4 |  4.7
Axes           | 3 4 5 |  5.4
Shields        | 4 |  4.3
Dodging        | |  0.5

Action                   |  1- 3 |  4- 6 || total
-------------------------+-------+-------++-------
Melee: War axe           |    96 |   131 ||   227
       Headbutt          |    10 |    17 ||    27
  Use: Scroll            |     2 |     6 ||     8
       Potion            |       |     2 ||     2
  Eat: Chunk             |       |     5 ||     5
       Ration            |       |     1 ||     1
Armor: Scale mail        |    59 |    59 ||   118
Dodge: Dodged            |    37 |    23 ||    60
Block: Shield            |    50 |    79 ||   129

Table legend:
 A = Non-vault XP
 B = Vault XP
 C = Vault XP percentage of total XP
 D = Non-vault monster count
 E = Vault monster count
 F = Vault count percentage of total count
                 A         B        C        D         E       F
            +---------+---------+-------+---------+---------+-------
      Total |     415 |       0 |   0.0 |      93 |       0 |   0.0
            +---------+---------+-------+---------+---------+-------
        D:1 |      56 |       0 |   0.0 |      34 |       0 |   0.0
        D:2 |      80 |       0 |   0.0 |      20 |       0 |   0.0
        D:3 |      49 |       0 |   0.0 |      15 |       0 |   0.0
        D:4 |     230 |       0 |   0.0 |      24 |       0 |   0.0
            +---------+---------+-------+---------+---------+-------
